 Dungeon Crawl Stone Soup version 0.28-a0-804-g60983d4ba9 (webtiles) character file.

Game seed: 3504655878426162165

11 vurker the Gusty (level 2, -1/16 HPs)
             Began as a Tengu Air Elementalist on Nov 7, 2021.
             Frozen to death by an endoplasm (4 damage)
             ... on level 1 of the Dungeon.
             The game lasted 00:00:39 (549 turns).

vurker the Gusty (Tengu Air Elementalist)            Turns: 549, Time: 00:00:40

Health: -1/16      AC:  2    Str:  8    XL:     2   Next: 29%
Magic:  0/6        EV: 12    Int: 15    God:
Gold:   39         SH:  0    Dex: 14    Spells: 4/5 levels left

rFire   . . .      SeeInvis .   b - +0 dagger
rCold   . . .      Faith    .   (no shield)
rNeg    . . .      Spirit   .   a - +0 robe
rPois   .          Reflect  .   (helmet restricted)
rElec   .          Harm     .   (no cloak)
rCorr   .          Rampage  .   (no gloves)
Will    .....                   (boots unavailable)
Stlth   ++........              (no amulet)
HPRegen 0.05/turn               (no ring)
MPRegen 0.10/turn               (no ring)

@: no status effects
A: beak, talons 3
a: no special abilities


You were on level 1 of the Dungeon.
You visited 1 branch of the dungeon, and saw 1 of its levels.

You collected 39 gold pieces.

Inventory:

Hand Weapons
 b - a +0 dagger (weapon)
   (You took it off a kobold on level 1 of the Dungeon)
Armour
 a - a +0 robe (worn)
Scrolls
 c - a scroll of torment {unknown}
 e - 2 scrolls of identify {unknown}
 f - a scroll of fog {unknown}
 g - a scroll of magic mapping {unknown}
 h - a scroll of enchant armour {unknown}
Potions
 d - a potion of flight {unknown}


   Skills:
 + Level 0.6 Fighting
 - Level 2.1 Dodging
 - Level 2.0 Stealth
 * Level 2.2 Spellcasting
 + Level 1.7 Conjurations
 * Level 4.3 Air Magic


You had 4 spell levels left.
You knew the following spells:

 Your Spells              Type           Power      Damage    Failure   Level
a - Shock                 Conj/Air       40%        1d5       6%          1

Your spell library contained the following spells:

 Spells                   Type           Power      Damage    Failure   Level
 Static Discharge         Conj/Air       10%        N/A       10%         2
 Swiftness                Air            14%        N/A       11%         3
 Airstrike                Air            7%         N/A       36%         4


Dungeon Overview and Level Annotations

Branches:
Dungeon (1/15)

Altars:


Innate Abilities, Weirdness & Mutations

You have a beak for a mouth.
You have claws for feet.


Message History

The zap misses the hobgoblin.
You can't see any susceptible monsters within range! (Use Z to cast anyway.)
A hobgoblin is nearby!
A hobgoblin is nearby!
Aim: a hobgoblin (moderately wounded, 68% to hit)
The zap misses the hobgoblin.
The zap hits the hobgoblin.
You kill the hobgoblin!
You can't see any susceptible monsters within range! (Use Z to cast anyway.)
A hobgoblin comes into view.
The hobgoblin shouts!
A rat comes into view.
The zap hits the rat.
You kill the rat!
Aim: a hobgoblin (68% to hit)
The zap hits the hobgoblin but does no damage.
Aim: a hobgoblin (68% to hit)
The zap misses the hobgoblin.
You don't have enough magic to cast this spell.
Unknown command.
An endoplasm comes into view.
The endoplasm quivers.
You hit the hobgoblin. Your kick misses the hobgoblin.
Your peck misses the hobgoblin. The hobgoblin hits you.
You hit the hobgoblin.
You claw the hobgoblin, but do no damage.
You peck the hobgoblin. The hobgoblin hits you.
* * * LOW HITPOINT WARNING * * *
You barely miss the hobgoblin. The hobgoblin hits you.
* * * LOW HITPOINT WARNING * * *
You hit the hobgoblin but do no damage. The hobgoblin hits you.
* * * LOW HITPOINT WARNING * * *
You don't have enough magic to cast this spell.
Aim: a hobgoblin (68% to hit)
The zap hits the hobgoblin.
The endoplasm misses you. The hobgoblin misses you.
You hit the hobgoblin but do no damage. You peck the hobgoblin.
The endoplasm barely misses you. The hobgoblin misses you.
You hit the hobgoblin but do no damage. Your kick misses the hobgoblin.
The endoplasm jiggles.
The endoplasm hits you but does no damage.
The hobgoblin barely misses you.
You barely miss the hobgoblin. The endoplasm hits you.
* * * LOW HITPOINT WARNING * * *
The hobgoblin misses you.
Aim: a hobgoblin (almost dead, 68% to hit)
The zap misses the hobgoblin.
The endoplasm barely misses you.
The hobgoblin hits you but does no damage.
You closely miss the hobgoblin. The endoplasm freezes you.
You are frozen.
You die...

..#####.. #.. .........
#..# #..#...#.
#..###........
####....†.....#..#
.......#......#..
#.....#...#.#..#
##.+...@_......
#......Jg....#.
####...#......†##.#
#.....##...#......#
#.###.##..#..#....
#.##..[...#.###...
#######.##...............
..................###....
#######.########### ##


You could see an endoplasm and a hobgoblin.

Vanquished Creatures
  2 endoplasms (D:1)
  A goblin (D:1)
  2 hobgoblins (D:1)
  2 kobolds (D:1)
  2 bats (D:1)
  A rat (D:1)
10 creatures vanquished.

Notes
Turn   | Place    | Note
-------+----------+-------------------------------------------
     0 | D:1      | vurker the Tengu Air Elementalist began the quest for the
                  | Orb.
     0 | D:1      | Reached XP level 1. HP: 10/10 MP: 4/4
   140 | D:1      | Reached XP level 2. HP: 16/16 MP: 0/6
   516 | D:1      | Found a faded altar of an unknown god.
   549 | D:1      | Frozen to death by an endoplasm

Illustrated notes

Levels and vault maps discovered:
D:1:      elethiomel_arrival_infinity_welcomes_careful_drivers,
          layout_loops_ring, hellmonk_ecumenical_altar_blasted,
          kennysheep_nondescript, minmay_crystal_water, minmay_misc_feat_alley

Action                   || total
-------------------------++-------
Melee: Dagger            ||     9
       Kick              ||     2
       Peck              ||     2
 Cast: Shock             ||    28
Armor: Robe              ||     4
Dodge: Dodged            ||    12

Table legend: (Time is in decaauts)
 A = Elapsed time spent in this place.
 B = Non-inter-level travel time spent in this place.
 C = Inter-level travel time spent in this place.
 D = Time resting spent in this place.
 E = Time spent auto-exploring this place.
 F = Levels seen in this place.
 G = Mean time per level.
                   A        B        C        D        E       F      G
               +--------+--------+--------+--------+--------+-----+--------+
         Total |    549 |    549 |      0 |      0 |    465 |   1 |  549.0 |
       Dungeon |    549 |    549 |      0 |      0 |    465 |   1 |  549.0 |
               +--------+--------+--------+--------+--------+-----+--------+

Top non-repeatable levels by time:
     D:1: 549 daAuts
